 Dungeon Crawl Stone Soup version 0.26.0-10-g1f06aea511 (webtiles) character file.

Game seed: 9899612992687822888

67 septik the Chopper (level 4, -4/40 HPs)
             Began as a Minotaur Berserker on Jan 24, 2021.
             Was a Believer of Trog.
             Slain by Natasha (8 damage)
             ... on level 2 of the Dungeon.
             The game lasted 00:02:31 (1419 turns).

septik the Chopper (Minotaur Berserker)             Turns: 1419, Time: 00:02:32

Health: -4/40      AC:  2    Str: 22    XL:     4   Next: 0%
Magic:  3/3        EV: 12    Int:  4    God:    Trog [**....]
Gold:   53         SH:  0    Dex: 10    Spells: 3/3 levels left

rFire    . . .     SeeInvis .   a - +0 hand axe
rCold    . . .     Faith    .   (no shield)
rNeg     . . .     Spirit   .   e - +0 animal skin
rPois    .         Reflect  .   (helmet restricted)
rElec    .         Harm     .   (no cloak)
rCorr    .         Rampage  .   (no gloves)
Will     .....                  (no boots)
Stlth    +.........             (no amulet)
HPRegen  0.13/turn              (no ring)
MPRegen  0.08/turn              (no ring)

@: no status effects
A: retaliatory headbutt, horns 2
a: Renounce Religion, Berserk, Trog's Hand


You were on level 2 of the Dungeon.
You worshipped Trog.
Trog was pleased with you.
You visited 1 branch of the dungeon, and saw 2 of its levels.

You collected 53 gold pieces.

Inventory:

Hand Weapons
 a - a +0 hand axe (weapon)
Missiles
 b - 10 stones (quivered)
Armour
 e - a +0 animal skin (worn)
Jewellery
 d - an uncursed ring of see invisible {unknown}
Scrolls
 c - a scroll of enchant armour {unknown}
 f - 4 scrolls of identify {unknown}
 h - a scroll of magic mapping {unknown}
 i - a scroll of blinking {unknown}
 k - 2 scrolls of amnesia {unknown}
Potions
 j - a potion of heal wounds


   Skills:
 + Level 4.2 Fighting
 * Level 4.7 Axes
 + Level 3.1 Armour
 + Level 2.8 Dodging


You had 3 spell levels left.
You didn't know any spells.
Your spell library was empty.

Dungeon Overview and Level Annotations

Branches:
Dungeon (2/15)

Altars:
Cheibriados

Annotations:
D:2 Natasha


Innate Abilities, Weirdness & Mutations

You reflexively headbutt those who attack you in melee.
You have a pair of horns on your head.


Message History

Natasha claws you but does no damage.
Unknown command.
You throw a stone.
The stone hits Natasha but does no damage.
Natasha is lightly wounded.
Natasha closely misses you. You furiously retaliate!
You headbutt Natasha, but do no damage. You throw a stone.
The stone hits Natasha but does no damage.
Natasha is lightly wounded.
Natasha claws you!
You throw a stone. The stone barely misses Natasha.
Natasha claws you!
* * * LOW HITPOINT WARNING * * *
Natasha claws you!
* * * LOW HITPOINT WARNING * * *
You are too injured to fight recklessly!
You closely miss Natasha.
Natasha is lightly wounded.
Natasha claws you!
You die...

.#################
.<................
#@...####
......h.##....#
..###########.###
#....######
#.#........
#......####
####.####.##
#....####...
#.##...##.###


You could see Natasha (resistant).

Vanquished Creatures
  A worker ant (D:2)
  An adder (D:2)
  A gnoll (D:1)
  A worm (D:2)
  2 giant cockroaches (D:1)
  3 goblins
  4 hobgoblins
  5 kobolds
  2 bats (D:2)
  A frilled lizard (D:1)
  4 rats
25 creatures vanquished.

Notes
Turn   | Place    | Note
-------+----------+-------------------------------------------
     0 | D:1      | septik the Minotaur Berserker began the quest for the Orb.
     0 | D:1      | Reached XP level 1. HP: 19/19 MP: 0/0
   280 | D:1      | Reached XP level 2. HP: 4/27 MP: 1/1
  1020 | D:2      | HP: 1/27 [hobgoblin/+0 club (2)]
  1023 | D:2      | Reached XP level 3. HP: 2/33 MP: 2/2
  1266 | D:2      | Found a snail-covered altar of Cheibriados.
  1271 | D:2      | Reached ** piety under Trog
  1284 | D:2      | Reached XP level 4. HP: 33/40 MP: 3/3
  1411 | D:2      | Noticed Natasha
  1419 | D:2      | Slain by Natasha

Illustrated notes

Levels and vault maps discovered:
D:1:      ebering_hopf_link, layout_loops_ring
D:2:      layout_rooms, nicolae_overflow_crystal_walls, lemuel_crystal_altar,
          minmay_cupped, uniq_natasha

Skill      XL: |  1  2  3 |
---------------+----------+-----
Axes           | 4 |  4.7
Fighting       | 4 |  4.2
Armour         | 3 |  3.1
Dodging        | |  2.8

Action                   |  1- 3 |  4- 6 || total
-------------------------+-------+-------++-------
Melee: Hand axe          |    59 |     1 ||    60
       Headbutt          |     8 |       ||     8
Throw: Stone             |    12 |     4 ||    16
  Use: Potion            |     2 |       ||     2
Armor: Animal skin       |    13 |     1 ||    14
Dodge: Dodged            |    41 |     1 ||    42
